2856 views
Uploaded 2020-02-14 18:00:13
Game version 1.32 / 1.32.1
11:30 long 4on4 ladder game on (8)GolemsInTheMist_LV
Saved by Teelo
2856 views
Uploaded 2020-02-14 18:00:13
Game version 1.32 / 1.32.1
11:30 long 4on4 ladder game on (8)GolemsInTheMist_LV


89 units @ 12.9k
/ 1.4k
70 buildings @ 7.5k
/ 2.8k

| Scroll of Regeneration | 1 | 100 |
| Potion of Healing | 1 | 150 |
| Potion of Mana | 1 | 200 |
| total: | 3 | 450g |
| Peasant | 8 | 600 | / | 0 |
| Rifleman | 15 | 3075 | / | 450 |
| total: | 23 | 3675g | / | 450w |
| Scout Tower | 8 | 240 | / | 160 |
| Arcane Tower | 2 | 140 | / | 100 |
| Guard Tower | 5 | 350 | / | 250 |
| Altar of Kings | 1 | 180 | / | 50 |
| Farm | 10 | 800 | / | 200 |
| Lumber Mill | 1 | 120 | / | 0 |
| Blacksmith | 1 | 140 | / | 60 |
| Barracks | 1 | 160 | / | 60 |
| Arcane Vault | 1 | 130 | / | 30 |
| Workshop | 1 | 140 | / | 140 |
| Keep | 1 | 320 | / | 210 |
| Castle | 2 | 720 | / | 420 |
| total: | 24 | 1910g | / | 700w |
| 0:02 | Peasant |
| 0:03 | Peasant |
| 0:08 | Altar of Kings |
| 0:10 | Farm |
| 0:19 | Peasant |
| 0:43 | Peasant |
| 0:47 | Lumber Mill |
| 1:00 | Peasant |
| 1:06 | Scout Tower |
| 1:07 | Peasant |
| 1:13 | Peasant |
| 1:31 | Blacksmith |
| 1:45 | Peasant |
| 1:51 | Barracks |
| 1:59 | Arcane Tower |
| 2:06 | Farm |
| 2:23 | Summon Water Elemental |
| 2:32 | Arcane Vault |
| 2:34 | Improved Masonry |
| 2:48 | Farm |
| 2:50 | Scout Tower |
| 3:00 | Farm |
| 3:14 | Rifleman |
| 3:15 | Rifleman |
| 3:28 | Farm |
| 3:29 | Guard Tower |
| 3:48 | Farm |
| 3:55 | Rifleman |
| 4:31 | Rifleman |
| 4:32 | Black Gunpowder |
| 4:32 | Studded Leather Armor |
| 5:06 | Rifleman |
| 5:22 | Scroll of Regeneration |
| 5:33 | Rifleman |
| 5:58 | Keep |
| 6:05 | Brilliance Aura |
| 6:21 | Farm |
| 6:22 | Rifleman |
| 6:22 | Rifleman |
| 7:17 | Brilliance Aura |
| 7:34 | Farm |
| 7:37 | Rifleman |
| 7:58 | Rifleman |
| 7:58 | Rifleman |
| 8:13 | Farm |
| 8:14 | Rifleman |
| 8:30 | Scout Tower |
| 8:44 | Rifleman |
| 8:56 | Farm |
| 8:58 | Arcane Tower |
| 9:00 | Scout Tower |
| 9:10 | Castle |
| 9:18 | Guard Tower |
| 9:20 | Scout Tower |
| 9:53 | Workshop |
| 9:56 | Guard Tower |
| 9:57 | Scout Tower |
| 10:21 | Blizzard |
| 10:29 | Guard Tower |
| 10:31 | Scout Tower |
| 10:33 | Scout Tower |
| 11:02 | Guard Tower |
| 11:09 | Rifleman |
| 11:09 | Rifleman |
| 11:19 | Potion of Healing |
| 11:22 | Potion of Mana |
| Right click | 234 |
| Select | 193 |
| Build/train/purchase | 69 |
| Misc. action | 48 |
| Use ability | 5 |
| Minimap ping | 5 |
| Resource trade | 4 |


| Scroll of Regeneration | 1 | 100 |
| Scroll of Town Portal | 1 | 350 |
| total: | 2 | 450g |
| Peasant | 8 | 600 | / | 0 |
| Rifleman | 9 | 1845 | / | 270 |
| Priest | 3 | 405 | / | 30 |
| total: | 20 | 2850g | / | 300w |
| Altar of Kings | 1 | 180 | / | 50 |
| Farm | 7 | 560 | / | 140 |
| Barracks | 1 | 160 | / | 60 |
| Blacksmith | 1 | 140 | / | 60 |
| Arcane Vault | 1 | 130 | / | 30 |
| Lumber Mill | 1 | 120 | / | 0 |
| Arcane Sanctum | 2 | 300 | / | 280 |
| Keep | 1 | 320 | / | 210 |
| Castle | 1 | 360 | / | 210 |
| total: | 14 | 1590g | / | 620w |
| 0:03 | Peasant |
| 0:03 | Peasant |
| 0:17 | Peasant |
| 0:17 | Peasant |
| 0:52 | Altar of Kings |
| 0:54 | Farm |
| 1:07 | Barracks |
| 1:14 | Blacksmith |
| 1:37 | Peasant |
| 1:37 | Peasant |
| 1:37 | Peasant |
| 1:37 | Peasant |
| 2:26 | Farm |
| 2:35 | Farm |
| 3:09 | Rifleman |
| 3:09 | Rifleman |
| 3:09 | Rifleman |
| 3:09 | Rifleman |
| 3:14 | Farm |
| 3:55 | Farm |
| 4:13 | Keep |
| 4:19 | Siphon Mana |
| 4:37 | Farm |
| 4:39 | Rifleman |
| 4:40 | Rifleman |
| 6:03 | Flame Strike |
| 6:17 | Arcane Vault |
| 6:20 | Farm |
| 6:23 | Rifleman |
| 6:23 | Rifleman |
| 7:00 | Arcane Sanctum |
| 7:04 | Arcane Sanctum |
| 7:14 | Frost Arrows |
| 7:22 | Lumber Mill |
| 7:27 | Scroll of Regeneration |
| 7:39 | Scroll of Town Portal |
| 7:56 | Long Rifles |
| 8:20 | Rifleman |
| 9:23 | Priest Adept Training |
| 9:25 | Sorceress Adept Training |
| 9:27 | Castle |
| 9:28 | Priest |
| 10:18 | Forked Lightning |
| 10:23 | Flame Strike |
| 10:47 | Priest |
| 10:47 | Priest |
| 10:50 | Black Gunpowder |
| Right click | 505 |
| Select group | 480 |
| Select | 121 |
| Build/train/purchase | 40 |
| Misc. action | 19 |
| Assign group | 12 |
| Use ability | 11 |
| Resource trade | 5 |
| Remove unit | 1 |


| Scroll of Regeneration | 4 | 400 |
| Lesser Clarity Potion | 1 | 70 |
| total: | 5 | 470g |
| Peasant | 12 | 900 | / | 0 |
| Footman | 4 | 540 | / | 0 |
| Rifleman | 9 | 1845 | / | 270 |
| total: | 25 | 3285g | / | 270w |
| Altar of Kings | 1 | 180 | / | 50 |
| Farm | 8 | 640 | / | 160 |
| Barracks | 2 | 320 | / | 120 |
| Arcane Vault | 1 | 130 | / | 30 |
| Blacksmith | 1 | 140 | / | 60 |
| Lumber Mill | 1 | 120 | / | 0 |
| Town Hall | 1 | 385 | / | 205 |
| Keep | 1 | 320 | / | 210 |
| Castle | 1 | 360 | / | 210 |
| total: | 15 | 1915g | / | 625w |
| 0:04 | Peasant |
| 0:14 | Altar of Kings |
| 0:20 | Farm |
| 0:21 | Farm |
| 0:23 | Peasant |
| 0:27 | Barracks |
| 0:37 | Peasant |
| 0:53 | Peasant |
| 0:56 | Peasant |
| 1:08 | Peasant |
| 1:34 | Farm |
| 1:37 | Peasant |
| 1:41 | Footman |
| 1:47 | Farm |
| 1:56 | Arcane Vault |
| 2:07 | Footman |
| 2:15 | Thunder Clap |
| 2:27 | Farm |
| 2:31 | Peasant |
| 2:39 | Footman |
| 2:45 | Blacksmith |
| 3:03 | Barracks |
| 3:07 | Lumber Mill |
| 3:19 | Peasant |
| 3:26 | Footman |
| 3:38 | Scroll of Regeneration |
| 3:43 | Lesser Clarity Potion |
| 3:46 | Scroll of Regeneration |
| 3:53 | Farm |
| 4:12 | Rifleman |
| 4:45 | Rifleman |
| 4:51 | Storm Bolt |
| 4:54 | Rifleman |
| 5:31 | Town Hall |
| 5:36 | Black Gunpowder |
| 5:56 | Rifleman |
| 6:14 | Farm |
| 6:17 | Farm |
| 6:39 | Rifleman |
| 7:01 | Keep |
| 7:17 | Scroll of Regeneration |
| 7:24 | Scroll of Regeneration |
| 7:50 | Storm Bolt |
| 8:02 | Peasant |
| 8:02 | Peasant |
| 8:03 | Peasant |
| 8:28 | Rifleman |
| 9:48 | Rifleman |
| 9:52 | Long Rifles |
| 10:00 | Rifleman |
| 10:02 | Refined Gunpowder |
| 10:41 | Thunder Clap |
| 10:53 | Holy Light |
| 10:55 | Rifleman |
| 11:04 | Castle |
| Right click | 424 |
| Select group | 380 |
| Select | 96 |
| Build/train/purchase | 62 |
| Chat | 25 |
| Assign group | 16 |
| Minimap ping | 14 |
| Resource trade | 5 |
| Use ability | 4 |
| Misc. action | 2 |
| Item give/drop | 1 |
| Remove unit | 1 |
| Esc | 1 |

| Scroll of Regeneration | 1 | 100 |
| Scroll of Town Portal | 1 | 350 |
| total: | 2 | 450g |
| Peasant | 10 | 750 | / | 0 |
| Footman | 6 | 810 | / | 0 |
| Gryphon Rider | 4 | 1120 | / | 280 |
| Goblin Shredder | 1 | 375 | / | 100 |
| total: | 21 | 3055g | / | 380w |
| Altar of Kings | 1 | 180 | / | 50 |
| Farm | 9 | 720 | / | 180 |
| Barracks | 1 | 160 | / | 60 |
| Lumber Mill | 1 | 120 | / | 0 |
| Arcane Vault | 1 | 130 | / | 30 |
| Town Hall | 1 | 385 | / | 205 |
| Blacksmith | 1 | 140 | / | 60 |
| Gryphon Aviary | 2 | 280 | / | 300 |
| Keep | 1 | 320 | / | 210 |
| Castle | 1 | 360 | / | 210 |
| total: | 17 | 2115g | / | 885w |
| 0:16 | Altar of Kings |
| 0:17 | Farm |
| 0:18 | Peasant |
| 0:25 | Peasant |
| 0:40 | Farm |
| 0:47 | Peasant |
| 0:53 | Farm |
| 1:00 | Peasant |
| 1:16 | Barracks |
| 1:18 | Peasant |
| 1:24 | Peasant |
| 1:35 | Farm |
| 1:38 | Peasant |
| 1:49 | Peasant |
| 1:55 | Summon Water Elemental |
| 2:14 | Farm |
| 2:16 | Peasant |
| 2:37 | Footman |
| 2:42 | Peasant |
| 2:52 | Brilliance Aura |
| 2:57 | Footman |
| 3:07 | Farm |
| 3:31 | Footman |
| 3:38 | Keep |
| 3:40 | Lumber Mill |
| 3:56 | Farm |
| 3:58 | Footman |
| 4:19 | Footman |
| 4:51 | Farm |
| 5:12 | Footman |
| 6:10 | Arcane Vault |
| 6:12 | Castle |
| 6:24 | Goblin Shredder |
| 6:28 | Gryphon Aviary |
| 6:29 | Gryphon Aviary |
| 6:49 | Summon Water Elemental |
| 7:17 | Scroll of Town Portal |
| 7:17 | Scroll of Regeneration |
| 8:25 | Town Hall |
| 8:29 | Farm |
| 8:36 | Improved Masonry |
| 8:38 | Gryphon Rider |
| 8:43 | Gryphon Rider |
| 9:09 | Blacksmith |
| 10:34 | Gryphon Rider |
| 10:35 | Iron Forged Swords |
| 10:37 | Brilliance Aura |
| 11:12 | Gryphon Rider |
| 11:13 | Storm Hammers |
| 11:15 | Animal War Training |
| Right click | 636 |
| Select group | 456 |
| Select | 216 |
| Build/train/purchase | 81 |
| Assign group | 41 |
| Misc. action | 25 |
| Resource trade | 5 |
| Use ability | 3 |
| Item give/drop | 2 |
| Minimap ping | 1 |
89 units @ 12k
/ 1.2k
62 buildings @ 8.4k
/ 3.6k

| Acolyte | 9 | 675 | / | 0 |
| Ghoul | 5 | 600 | / | 0 |
| Crypt Fiend | 10 | 2150 | / | 400 |
| Necromancer | 4 | 580 | / | 80 |
| total: | 28 | 4005g | / | 480w |
| Nerubian Tower | 1 | 100 | / | 20 |
| Spirit Tower | 2 | 290 | / | 80 |
| Ziggurat | 4 | 600 | / | 200 |
| Crypt | 1 | 200 | / | 50 |
| Altar of Darkness | 1 | 180 | / | 50 |
| Graveyard | 1 | 215 | / | 0 |
| Slaughterhouse | 1 | 140 | / | 135 |
| Temple of the Damned | 1 | 155 | / | 140 |
| Halls of the Dead | 1 | 320 | / | 210 |
| total: | 9 | 1490g | / | 575w |
| 0:04 | Acolyte |
| 0:04 | Acolyte |
| 0:11 | Ziggurat |
| 0:15 | Crypt |
| 0:21 | Acolyte |
| 0:46 | Altar of Darkness |
| 1:08 | Graveyard |
| 1:18 | Ghoul |
| 1:18 | Ghoul |
| 1:34 | Ziggurat |
| 1:43 | Ghoul |
| 1:55 | Ghoul |
| 2:25 | Ghoul |
| 2:28 | Ziggurat |
| 2:44 | Crypt Fiend |
| 2:51 | Frost Nova |
| 3:16 | Crypt Fiend |
| 3:23 | Creature Attack |
| 3:49 | Crypt Fiend |
| 4:13 | Halls of the Dead |
| 4:35 | Crypt Fiend |
| 5:08 | Nerubian Tower |
| 6:34 | Acolyte |
| 6:34 | Acolyte |
| 6:35 | Acolyte |
| 6:35 | Acolyte |
| 7:02 | Spirit Tower |
| 7:19 | Crypt Fiend |
| 7:37 | Acolyte |
| 7:48 | Slaughterhouse |
| 8:00 | Temple of the Damned |
| 8:13 | Acolyte |
| 8:31 | Crypt Fiend |
| 8:34 | Ziggurat |
| 9:06 | Crypt Fiend |
| 9:14 | Necromancer |
| 9:31 | Spirit Tower |
| 9:43 | Necromancer |
| 10:10 | Frost Armor |
| 10:33 | Necromancer |
| 10:34 | Necromancer |
| 10:47 | Frost Armor |
| 10:51 | Crypt Fiend |
| 11:25 | Crypt Fiend |
| 11:26 | Crypt Fiend |
| Right click | 457 |
| Select | 215 |
| Misc. action | 132 |
| Chat | 69 |
| Build/train/purchase | 39 |
| Assign group | 11 |
| Select group | 9 |
| Use ability | 3 |
| Remove unit | 1 |
| Minimap ping | 1 |

| Peasant | 9 | 675 | / | 0 |
| Footman | 10 | 1350 | / | 0 |
| Rifleman | 3 | 615 | / | 90 |
| total: | 22 | 2640g | / | 90w |
| Scout Tower | 2 | 60 | / | 40 |
| Arcane Tower | 1 | 70 | / | 50 |
| Altar of Kings | 1 | 180 | / | 50 |
| Farm | 6 | 480 | / | 120 |
| Barracks | 2 | 320 | / | 120 |
| Lumber Mill | 1 | 120 | / | 0 |
| Blacksmith | 2 | 280 | / | 120 |
| Town Hall | 1 | 385 | / | 205 |
| Arcane Vault | 1 | 130 | / | 30 |
| Keep | 1 | 320 | / | 210 |
| total: | 16 | 1955g | / | 685w |
| 0:08 | Altar of Kings |
| 0:14 | Farm |
| 0:15 | Peasant |
| 0:15 | Peasant |
| 0:20 | Barracks |
| 0:54 | Peasant |
| 0:55 | Peasant |
| 1:27 | Farm |
| 1:33 | Peasant |
| 1:34 | Peasant |
| 1:44 | Farm |
| 1:49 | Footman |
| 2:17 | Scout Tower |
| 2:30 | Scout Tower |
| 2:35 | Summon Water Elemental |
| 3:35 | Arcane Tower |
| 3:58 | Footman |
| 3:58 | Footman |
| 4:09 | Lumber Mill |
| 4:29 | Peasant |
| 4:29 | Peasant |
| 6:04 | Footman |
| 6:04 | Footman |
| 6:04 | Footman |
| 6:04 | Footman |
| 6:10 | Farm |
| 6:11 | Farm |
| 6:12 | Farm |
| 6:35 | Blacksmith |
| 7:22 | Brilliance Aura |
| 7:34 | Town Hall |
| 8:24 | Defend |
| 8:29 | Peasant |
| 8:31 | Barracks |
| 8:38 | Blacksmith |
| 9:16 | Rifleman |
| 9:16 | Rifleman |
| 9:17 | Rifleman |
| 9:19 | Footman |
| 9:19 | Footman |
| 9:19 | Footman |
| 9:21 | Iron Forged Swords |
| 9:29 | Arcane Vault |
| 9:30 | Keep |
| 10:20 | Summon Water Elemental |
| Right click | 253 |
| Chat | 225 |
| Select | 127 |
| Build/train/purchase | 38 |
| Misc. action | 15 |
| Remove unit | 1 |
| Esc | 1 |


| Circlet of Nobility | 1 | 175 |
| total: | 1 | 175g |
| Peasant | 12 | 900 | / | 0 |
| Footman | 2 | 270 | / | 0 |
| Rifleman | 4 | 820 | / | 120 |
| Gryphon Rider | 3 | 840 | / | 210 |
| total: | 21 | 2830g | / | 330w |
| Altar of Kings | 1 | 180 | / | 50 |
| Farm | 7 | 560 | / | 140 |
| Barracks | 1 | 160 | / | 60 |
| Blacksmith | 1 | 140 | / | 60 |
| Lumber Mill | 3 | 360 | / | 0 |
| Arcane Vault | 1 | 130 | / | 30 |
| Town Hall | 1 | 385 | / | 205 |
| Gryphon Aviary | 4 | 560 | / | 600 |
| Keep | 1 | 320 | / | 210 |
| Castle | 1 | 360 | / | 210 |
| total: | 19 | 2475g | / | 1145w |
| 0:03 | Peasant |
| 0:03 | Peasant |
| 0:04 | Peasant |
| 0:21 | Altar of Kings |
| 0:23 | Peasant |
| 0:36 | Farm |
| 0:39 | Farm |
| 0:46 | Peasant |
| 0:51 | Barracks |
| 0:53 | Peasant |
| 1:05 | Peasant |
| 1:28 | Peasant |
| 1:28 | Peasant |
| 1:57 | Blacksmith |
| 1:59 | Footman |
| 2:02 | Farm |
| 2:12 | Lumber Mill |
| 2:20 | Footman |
| 2:21 | Peasant |
| 2:37 | Holy Light |
| 2:42 | Farm |
| 2:44 | Peasant |
| 3:10 | Rifleman |
| 3:14 | Arcane Vault |
| 3:16 | Peasant |
| 3:43 | Rifleman |
| 4:07 | Rifleman |
| 4:22 | Rifleman |
| 4:25 | Farm |
| 4:39 | Keep |
| 5:25 | Town Hall |
| 5:36 | Farm |
| 6:37 | Lumber Mill |
| 6:45 | Lumber Mill |
| 7:16 | Castle |
| 7:22 | Gryphon Aviary |
| 7:25 | Gryphon Aviary |
| 7:41 | Divine Shield |
| 7:55 | Circlet of Nobility |
| 8:46 | Holy Light |
| 9:30 | Storm Bolt |
| 9:39 | Gryphon Rider |
| 9:42 | Gryphon Aviary |
| 9:49 | Gryphon Aviary |
| 10:00 | Animal War Training |
| 10:33 | Gryphon Rider |
| 11:13 | Gryphon Rider |
| 11:22 | Farm |
| 11:23 | Storm Hammers |
| Right click | 200 |
| Select | 134 |
| Build/train/purchase | 33 |
| Chat | 12 |
| Use ability | 8 |
| Minimap ping | 2 |
| Remove unit | 1 |

| Healing Salve | 2 | 200 |
| Lesser Clarity Potion | 3 | 210 |
| total: | 5 | 410g |
| Peon | 11 | 825 | / | 0 |
| Grunt | 4 | 800 | / | 0 |
| Tauren | 2 | 560 | / | 160 |
| Goblin Shredder | 1 | 375 | / | 100 |
| total: | 18 | 2560g | / | 260w |
| Watch Tower | 7 | 770 | / | 560 |
| Altar of Storms | 1 | 180 | / | 50 |
| Orc Burrow | 4 | 640 | / | 160 |
| Barracks | 1 | 180 | / | 50 |
| War Mill | 1 | 205 | / | 0 |
| Voodoo Lounge | 2 | 260 | / | 60 |
| Tauren Totem | 2 | 270 | / | 310 |
| Stronghold | 1 | 315 | / | 190 |
| Fortress | 1 | 325 | / | 190 |
| total: | 18 | 2505g | / | 1190w |
| 0:04 | Peon |
| 0:04 | Peon |
| 0:05 | Peon |
| 0:25 | Altar of Storms |
| 0:37 | Orc Burrow |
| 0:40 | Peon |
| 0:40 | Peon |
| 0:55 | Barracks |
| 1:18 | Peon |
| 1:19 | Peon |
| 1:24 | War Mill |
| 1:45 | Voodoo Lounge |
| 1:59 | Voodoo Lounge |
| 2:03 | Grunt |
| 2:16 | Orc Burrow |
| 2:22 | Pillage |
| 2:42 | Shockwave |
| 3:13 | Grunt |
| 3:20 | Watch Tower |
| 3:24 | Grunt |
| 3:37 | Peon |
| 3:37 | Peon |
| 3:38 | Peon |
| 3:56 | Watch Tower |
| 4:02 | Healing Salve |
| 4:02 | Lesser Clarity Potion |
| 4:07 | Lesser Clarity Potion |
| 4:21 | Peon |
| 4:26 | Orc Burrow |
| 5:00 | Endurance Aura |
| 5:25 | Grunt |
| 5:27 | Stronghold |
| 7:06 | Goblin Shredder |
| 7:21 | Steel Melee Weapons |
| 7:21 | Steel Armor |
| 7:30 | Watch Tower |
| 7:33 | Watch Tower |
| 7:56 | Tauren Totem |
| 8:00 | Fortress |
| 8:03 | Tauren Totem |
| 8:52 | Healing Salve |
| 8:52 | Lesser Clarity Potion |
| 9:02 | Thorium Melee Weapons |
| 9:16 | Watch Tower |
| 9:18 | Watch Tower |
| 9:19 | Watch Tower |
| 10:22 | Tauren |
| 10:50 | Tauren |
| 10:57 | Orc Burrow |
| Right click | 189 |
| Select group | 151 |
| Chat | 109 |
| Select | 102 |
| Build/train/purchase | 41 |
| Misc. action | 39 |
| Assign group | 34 |
| Use ability | 15 |
| Resource trade | 5 |
| Esc | 3 |
| Item give/drop | 2 |
⇛